Map: 10000 Feet LE

Players

南忧

  • Race: Zerg Zerg
  • League: Grandmaster
  • Spawn Location: 11:00

llllllllllll - Winner!

  • Race: Terran Terran
  • League: Grandmaster
  • Spawn Location: 5:00

VOD

Have the link to the VOD?

Description

Time

  • Played on: Dec. 22, 2025, 10:03 a.m.
  • Length: 10:32
Show
View Real Time Build Order
Export as new Build Order

南忧 Zerg 

Build Orders: Hatch First 

Get SALT Encoding   

  12  0:00  Drone  
  13  0:08  Drone  
  14  0:15  Extractor  
  14  0:17  Drone  
  15  0:22  Overlord  
  15  0:41  Drone  
  16  0:46  Hatchery  
  16  0:49  Drone  
  16  0:52  Drone  
  16  0:56  Drone  
  18  1:08  Extractor  
  17  1:11  Spawning Pool  
  17  1:14  Drone  
  17  1:17  Drone  
  18  1:27  Drone  
  19  1:42  Drone  
  20  1:49  Drone  
  21  1:59  Queen x2  
  21  2:01  Zergling x4  
  27  2:09  Drone  
  27  2:13  Overlord  
  28  2:29  Drone, Hatchery  
  27  2:33  Drone  
  27  2:34  Drone  
  29  2:42  Drone  
  30  2:46  Queen  
  30  2:51  Overlord  
  32  2:54  Drone  
  32  2:56  Drone  
  34  3:00  Drone  
  34  3:04  Drone  
  36  3:06  Overlord  
  36  3:15  Drone x2  
  36  3:16  Drone x2  
  40  3:21  Roach Warren  
  40  3:26  Queen  
  41  3:30  Overlord  
  41  3:35  Drone x2  
  41  3:36  Drone  
  44  3:43  Drone  
  44  3:46  Overlord  
  45  3:50  Drone  
  46  4:00  Drone x4  
  60  4:02  Roach  
  60  4:03  Roach x4  
  60  4:11  Overlord  
  60  4:15  Queen  
  62  4:17  Roach  
  62  4:20  Drone x2, Overlord  
  66  4:24  Overlord  
  66  4:30  Roach  
  66  4:31  Roach  
  70  4:35  Drone x4  
  74  4:39  Drone x3  
  74  4:41  Queen  
  74  4:44  Drone x2  
  81  4:48  Lair  
  81  4:52  Drone x3  
  84  4:55  Spore Crawler  
  84  4:58  Extractor  
  84  4:59  Extractor  
  81  5:01  Spore Crawler  
  80  5:07  Roach x4  
  80  5:13  Roach  
  80  5:14  Queen  
  80  5:16  Queen  
  80  5:18  Drone x3  
  77  5:23  Roach, Zergling x2  
  77  5:24  Zergling x4  
  78  5:29  Roach  
  78  5:30  Zergling x8  
  80  5:39  Roach, Zergling x8  
  74  5:47  Drone  
  72  5:55  Drone  
  72  5:56  Drone x7  
  77  6:02  Drone x2, Queen  
  81  6:06  Drone  
  81  6:09  Glial Reconstitution  
  81  6:10  Drone  
  81  6:11  Evolution Chamber  
  82  6:14  Overlord, Hatchery, Overseer, Extractor  
  82  6:17  Drone  
  81  6:20  Drone x2, Extractor  
  82  6:26  Metabolic Boost  
  82  6:27  Extractor  
  82  6:28  Queen  
  82  6:31  Drone x4  
  87  6:37  Drone x3  
  87  6:39  Zerg Melee Weapons Level 1  
  90  6:43  Roach x2  
  90  6:44  Zergling x2  
  88  6:54  Roach x3, Zergling x6  
  88  6:59  Roach x2, Zergling x2  
  88  7:00  Zergling x4  
  94  7:04  Queen  
  94  7:11  Roach x3  
  94  7:20  Roach x2, Zergling x4  
  95  7:28  Roach  
  95  7:29  Roach, Zergling x6  
  94  7:35  Roach, Zergling x2  
  91  7:37  Queen  
  91  7:38  Queen  
  91  7:40  Queen  
  91  7:41  Roach  
  91  7:42  Roach, Zergling x4  
  85  7:51  Roach  
  85  7:52  Roach x2, Zergling x4  
  87  7:59  Roach x2  
  82  8:23  Roach x11  
  100  8:30  Queen  
  102  8:38  Evolution Chamber  
  102  8:40  Zergling x10  
  104  8:43  Overlord  
  104  8:48  Roach  
  104  8:50  Overlord  
  96  8:57  Zergling x2  
  96  8:58  Zergling x12  
  96  9:00  Ravager  
  88  9:05  Roach x4  
  88  9:09  Queen  
  87  9:10  Roach x3  
  87  9:16  Ravager  
  83  9:38  Roach  
  83  9:39  Zergling x18, Roach x3  
  83  9:43  Ravager x5  
  102  9:48  Roach, Zergling x2  
  104  9:55  Zergling x6  
  105  10:01  Roach x5  
  105  10:06  Ravager x4  
  119  10:07  Zergling x2  
Show
View Real Time Build Order
Export as new Build Order

llllllllllll Terran - Winner!

Build Orders: Hellion Opening, Reaper Expand 

Get SALT Encoding   

  12  0:00  SCV  
  13  0:12  SCV  
  14  0:17  Supply Depot  
  14  0:24  SCV  
  15  0:39  SCV  
  15  0:40  Barracks  
  16  0:43  Refinery  
  16  0:51  SCV  
  17  1:03  SCV  
  18  1:15  SCV  
  19  1:27  Reaper, Orbital Command  
  20  1:39  Command Center  
  20  1:46  Supply Depot  
  20  1:53  SCV  
  21  1:59  Marine  
  22  2:05  SCV  
  23  2:10  Factory  
  23  2:17  SCV  
  23  2:20  Barracks Reactor  
  24  2:28  Refinery  
  24  2:29  SCV  
  25  2:41  SCV  
  26  2:51  Orbital Command  
  26  2:53  SCV  
  26  2:57  Starport  
  27  3:05  Barracks Tech Lab, SCV  
  27  3:06  Hellion x2  
  27  3:08  Supply Depot  
  34  3:26  Marauder, Concussive Shells  
  34  3:28  Hellion x2, SCV  
  34  3:30  SCV  
  40  3:34  Viking  
  42  3:41  Supply Depot  
  42  3:47  Marauder  
  44  3:49  Hellion x2  
  44  3:51  SCV  
  44  3:52  SCV  
  50  4:03  SCV  
  50  4:04  SCV, Supply Depot  
  50  4:09  Medivac  
  54  4:12  Marauder  
  54  4:13  Armory  
  54  4:16  SCV  
  58  4:20  Hellion  
  58  4:21  Hellion  
  58  4:23  Stimpack  
  61  4:34  Supply Depot  
  61  4:36  Marauder  
  63  4:39  Supply Depot  
  63  4:44  Hellion x2  
  67  4:46  SCV x2  
  69  4:55  Medivac  
  69  4:56  Supply Depot  
  69  4:57  Supply Depot  
  71  5:04  Marine  
  71  5:05  Hellion  
  71  5:06  Hellion  
  74  5:09  SCV  
  67  5:15  SCV  
  62  5:21  SCV  
  62  5:22  Marauder  
  62  5:27  Hellion x2, SCV  
  70  5:33  SCV  
  70  5:39  SCV  
  66  5:44  Marauder, Medivac  
  66  5:48  Hellion x2  
  66  5:52  SCV x2  
  62  6:01  Command Center  
  62  6:03  Combat Shield  
  62  6:04  SCV  
  63  6:05  Marauder  
  63  6:06  SCV  
  63  6:07  Barracks  
  63  6:10  Hellion x2  
  69  6:16  SCV  
  69  6:18  Medivac  
  72  6:19  Barracks  
  72  6:20  SCV  
  72  6:23  Refinery x2  
  73  6:26  Marauder  
  73  6:27  Engineering Bay  
  73  6:30  SCV, Engineering Bay  
  76  6:33  SCV  
  76  6:36  Hellion x2  
  81  6:40  Supply Depot  
  81  6:44  SCV  
  79  6:57  Hellion x2  
  79  6:58  Marauder  
  83  7:10  Medivac  
  83  7:12  Barracks Reactor, Barracks Tech Lab  
  83  7:13  Orbital Command  
  83  7:14  Barracks  
  83  7:15  Terran Infantry Weapons Level 1, Terran Infantry Armor Level 1  
  84  7:16  Barracks  
  84  7:19  Hellion x2, Marine  
  87  7:26  SCV  
  82  7:37  Marauder  
  82  7:38  Marine  
  82  7:40  Hellion x2, Medivac  
  89  7:46  SCV  
  89  7:49  Marine, SCV, Orbital Command  
  88  7:56  Marine  
  81  7:59  Marauder  
  81  8:01  Hellion  
  81  8:02  Hellion  
  81  8:05  Marine  
  88  8:08  Marine  
  88  8:10  Medivac  
  88  8:11  SCV  
  88  8:12  SCV  
  91  8:14  Marine  
  91  8:16  SCV  
  91  8:20  Marauder  
  91  8:23  Hellion x2  
  91  8:24  SCV x2  
  96  8:31  SCV  
  96  8:32  Marauder, Barracks Reactor  
  96  8:33  Barracks Reactor  
  97  8:36  SCV  
  97  8:40  Command Center  
  98  8:41  Marauder  
  98  8:43  Armory  
  98  8:44  Starport Reactor, Hellion x2  
  104  8:53  Marauder  
  100  8:57  Marine  
  100  9:02  SCV x3  
  97  9:03  Marauder  
  97  9:04  Refinery x2  
  97  9:06  Hellion x2, Factory  
  99  9:12  Marine x2  
  99  9:13  Marine x2, Barracks  
  99  9:14  Marine  
  99  9:15  Barracks x2, Marine  
  109  9:24  Marauder  
  109  9:27  Hellion  
  109  9:30  Marine x3, SCV  
  109  9:31  Marine x2, SCV  
  112  9:33  Marine  
  112  9:36  Marauder  
  96  9:39  SCV  
  96  9:42  SCV  
  98  9:45  Marauder  
  98  9:48  Marine x4  
  98  9:51  Medivac  
  104  9:54  SCV x2  
  104  9:58  Marauder, Marine x2  
  104  9:59  Sensor Tower  
  109  10:01  Widow Mine x2  
  109  10:02  SCV  
Tags
 
Add a new tag
Caveats
  • Supply blocks, unpowered buildings, or Contaminate may cause inaccurate times.
  • Supply counts are checked every 10 seconds.